 Dungeon Crawl Stone Soup version 0.21.1-1-g345015f (webtiles) character file.

618 letownia2 the Conjurer (level 7, -14/40 HPs)
             Began as a Tengu Air Elementalist on Mar 3, 2018.
             Was an Initiate of Cheibriados.
             Demolished by Menkaure (23 damage)
             ... on level 7 of the Dungeon.
             The game lasted 00:13:12 (2142 turns).

letownia2 the Conjurer (Tengu Air Elementalist)     Turns: 2142, Time: 00:13:13

Health: -14/40     AC:  4    Str: 12    XL:     7   Next: 45%
Magic:  2/11       EV: 13    Int: 18    God:    Cheibriados [......]
Gold:   259        SH:  7    Dex: 16    Spells: 4/10 levels left

rFire    + . .     SeeInvis .   a - +2 dagger (elec)
rCold    . . .     Gourm    .   B - +2 buckler
rNeg     . . .     Faith    .   u - +0 leather armour
rPois    .         Spirit   .   (helmet restricted)
rElec    .         Reflect  .   x - +0 cloak
rCorr    .         Harm     .   (no gloves)
MR       .....                  (boots unavailable)
Stlth    ++........             (no amulet)
HPRegen  0.13/turn              w - +3 ring of strength
MPRegen  0.12/turn              D - ring of protection from fire

@: very slightly contaminated, invisible, very slow
A: beak, talons 3, able to fly 1
a: Fly, Bend Time, Renounce Religion


You were on level 7 of the Dungeon.
You worshipped Cheibriados.
Cheibriados was noncommittal.
You were hungry.

You visited 2 branches of the dungeon, and saw 8 of its levels.

You collected 259 gold pieces.

Inventory:

Hand Weapons
 a - a +2 dagger of electrocution (weapon)
 b - a +2 morningstar of crushing
 y - a +0 blowgun
Missiles
 v - 8 curare-tipped needles
 z - 30 poisoned needles
Armour
 j - a +0 robe
 u - a +0 leather armour (worn)
 x - a +0 cloak (worn)
 A - a +0 ring mail
 B - a +2 buckler (worn)
Jewellery
 w - a +3 ring of strength (left hand)
 D - a ring of protection from fire (right hand)
Wands
 i - a wand of enslavement (8)
Scrolls
 e - 2 scrolls of identify
 f - a scroll of amnesia {unknown}
 h - a scroll of fog {unknown}
 k - 2 scrolls of blinking {unknown}
 l - 3 scrolls of remove curse {unknown}
 o - a scroll of enchant weapon {unknown}
 q - a scroll of magic mapping {unknown}
 s - a scroll of enchant armour {unknown}
 t - a scroll of noise {unknown}
Potions
 d - a potion of invisibility
 g - a potion of brilliance
 m - a potion of curing
 n - a potion of mutation
 p - 2 potions of might
 r - 2 potions of resistance
Books
 C - a book of Air

   Spells                             Type                      Level
   a - Shock                          Conjuration/Air              1
   b - Swiftness                      Charms/Air                   2
   c - Static Discharge               Conjuration/Air              3
   d - Airstrike                      Air                          4
   e - Lightning Bolt                 Conjuration/Air              5
Comestibles
 c - 7 rations


   Skills:
 - Level 2.4 Fighting
 - Level 2.6 Armour
 - Level 3.9 Dodging
 - Level 2.2 Stealth
 + Level 2.6 Shields
 + Level 2.4 Spellcasting
 - Level 5.7 Conjurations
 - Level 5.0 Air Magic


You had 4 spell levels left.
You knew the following spells:

 Your Spells              Type           Power        Failure   Level  Hunger
a - Shock                 Conj/Air       ###.         2%          1    #......
d - Static Discharge      Conj/Air       ###.....     9%          3    ###....
s - Swiftness             Chrm/Air       ##......     14%         2    ##.....


Dungeon Overview and Level Annotations

Branches:
Dungeon (7/15)             Temple (1/1) D:5

Altars:
Ashenzari
Cheibriados
Elyvilon
Fedhas
Gozag
Makhleb
Nemelex Xobeh
Okawaru
Qazlal
Ru
Sif Muna
Trog
Vehumet
Xom
Zin

Annotations:
D:7 Menkaure


Innate Abilities, Weirdness & Mutations

You have a beak for a mouth.
You have claws for feet.
You can fly.


Message History

Okay, then.
You fade into invisibility!
The hippogriff closely misses you.
The hippogriff pecks you but does no damage.
The hippogriff claws you.
Menkaure gestures at you while chanting.
Pain shoots through your body!
Unknown command.
You hit Menkaure. You claw Menkaure.
Menkaure is moderately damaged.
The hippogriff bites you. The hippogriff closely misses you.
The hippogriff barely misses you.
Menkaure calls on the powers of darkness!
Your body is wracked with pain!
* * * LOW HITPOINT WARNING * * *
The hippogriff convulses!
Unknown command.
Menkaure hits you!!
Ouch! That really hurt!
You die...

#..###..####..#.#....
########.............#.##...
.....................#......
########..####..###.##...<..
#....................
#.............##.....
##.####..#######.....
#.####..###[.......#
#.#@H.......######.#
#.#M#######.# #.# ##.#.# #[#
##....# #.. #....=# #..
#....[).....M #####..
#...?..(..... .......
##.....##.##. ######.
#.###..# # #.


You could see a hippogriff and Menkaure.

Vanquished Creatures
  2 ogres (D:4)
  A big kobold (D:5)
  A crimson imp (D:5)
  A hound (D:4)
  A jelly (D:7)
  A bullfrog skeleton (D:4)
  3 orc priests
  An iguana (D:7)
  A worker ant (D:4)
  A hound skeleton (D:7)
  4 adders
  A worm (D:4)
  A dart slug (D:4)
  A leopard gecko (D:4)
  11 orcs
  3 giant cockroaches
  2 hobgoblins
  3 jackals (D:2)
  20 kobolds (D:5)
  A ball python (D:7)
  2 bats
  2 frilled lizards (D:3)
  2 goblins
  A quokka skeleton (D:5)
  3 rats
70 creatures vanquished.

Vanquished Creatures (others)
  A sky beast (D:7)
1 creature vanquished.

Grand Total: 71 creatures vanquished

Notes
Turn   | Place    | Note
-------+----------+-------------------------------------------
     0 | D:1      | letownia2 the Tengu Air Elementalist began the quest for the Orb.
     0 | D:1      | Reached XP level 1. HP: 10/10 MP: 4/4
   128 | D:2      | Reached XP level 2. HP: 8/15 MP: 1/6
   454 | D:2      | Reached XP level 3. HP: 19/19 MP: 3/7
   525 | D:4      | Reached XP level 4. HP: 13/24 MP: 0/8
   620 | D:4      | Noticed an ogre
   638 | D:4      | Killed an ogre
   638 | D:4      | Reached skill level 5 in Conjurations
   638 | D:4      | Gained mutation: You can fly. [Tengu growth]
   638 | D:4      | Reached XP level 5. HP: 26/28 MP: 3/9
   685 | D:4      | Learned a level 3 spell: Static Discharge
  1039 | D:4      | Noticed an ogre
  1086 | D:4      | Learned a level 2 spell: Swiftness
  1122 | D:4      | Killed an ogre
  1122 | D:4      | Reached skill level 1 in Fighting
  1122 | D:4      | Reached skill level 1 in Armour
  1122 | D:4      | Reached XP level 6. HP: 31/34 MP: 1/10
  1421 | D:5      | Entered Level 5 of the Dungeon
  1472 | D:5      | Found a shimmering altar of Xom.
  1475 | D:5      | Found a shimmering altar of Xom.
  1476 | D:5      | Found a shimmering altar of Xom.
  1476 | D:5      | Found a shimmering altar of Xom.
  1477 | D:5      | Found a shimmering altar of Xom.
  1478 | D:5      | Found a shimmering altar of Xom.
  1482 | D:5      | Got a spiked helmet
  1689 | D:5      | Found a staircase to the Ecumenical Temple.
  1694 | Temple   | Entered the Ecumenical Temple
  1773 | Temple   | Became a worshipper of Cheibriados the Contemplative
  1915 | D:6      | Reached XP level 7. HP: 40/40 MP: 11/11
  2002 | D:7      | Reached skill level 5 in Air Magic
  2020 | D:7      | Reached skill level 1 in Shields
  2129 | D:7      | Noticed Menkaure
  2138 | D:7      | Noticed a hippogriff
  2142 | D:7      | Demolished by Menkaure

Skill      XL: |  1  2  3  4  5  6  7 |
---------------+----------------------+-----
Conjurations   | 3 5 |  5.7
Fighting       | 1 2 |  2.4
Armour         | 1 2 |  2.6
Dodging        | 3 |  3.9
Air Magic      | 5 |  5.0
Shields        | 2 |  2.6
Stealth        | |  2.2
Spellcasting   | |  2.4

Action                   |  1- 3 |  4- 6 |  7- 9 || total
-------------------------+-------+-------+-------++-------
Melee: Dagger            |    11 |    35 |     6 ||    52
       Kick              |     4 |     6 |     1 ||    11
       Peck              |     2 |     6 |       ||     8
 Fire: Blowgun           |       |     2 |       ||     2
 Cast: Shock             |    28 |    44 |    34 ||   106
       Swiftness         |       |     1 |       ||     1
       Static Discharge  |       |     1 |       ||     1
  Use: Potion            |     1 |       |     1 ||     2
       Scroll            |       |     5 |       ||     5
  Eat: Chunk             |       |     3 |     2 ||     5
Armor: Robe              |     2 |     6 |       ||     8
       Leather armour    |       |       |     2 ||     2
Dodge: Dodged            |    21 |    34 |     9 ||    64
Block: Buckler           |       |       |     7 ||     7
